General information
- name: BNet
- type: Ladder team game (AT/RT)
- host: Battle.net
- saver: iim7b5V7i
map: CopperCanyon
- players: 6
- length: 48:05
- speed: Fast
- version: 1.26 W3XP
- replay type:

» download(343 KB)
Players
team 1 (loser)
Ace[NiTe] (
orange | 58 APM | 2591 actions | 44:31)
3 Archmage
2 Summon Water Elemental
1 Brilliance Aura
1 Mountain King
1 Storm Bolt
» actions
| Assign group hotkey | 39 | |
| Basic commands | 271 | |
| Build / train | 99 | |
| ESC pressed | 1 | |
| Enter build submenu | 33 | |
| Enter hero's abilities submenu | 5 | |
| Remove unit from queue | 1 | |
| Right click | 793 | |
| Select / deselect | 675 | |
| Select group hotkey | 448 | |
| Use ability | 226 | |
2591 total
» units
| Peasant | 17 | |
| Footman | 5 | |
| Goblin Shredder | 1 | |
| Siege Engine | 14 | |
| Goblin Zeppelin | 1 | |
38 total
» upgrades
| Defend | 0 | |
| Lumber Harvesting | 2 | |
| Masonry | 2 | |
| Gunpowder | 2 | |
| Barrage | 1 | |
| Plating | 2 | |
| Fragmentation Shards | 1 | |
10 total
» buildings
| Altar of Kings | 1 | |
| Farm | 11 | |
| Barracks | 1 | |
| Scout Tower | 8 | |
| Town Hall | 1 | |
| Arcane Tower | 10 | |
| Arcane Vault | 2 | |
| Keep | 2 | |
| Blacksmith | 1 | |
| Lumber Mill | 1 | |
| Guard Tower | 9 | |
| Castle | 4 | |
| Workshop | 5 | |
56 total
» build order
00:09 Altar of Kings
00:20 Farm
00:24 Barracks
00:50 Farm
01:30 Farm
03:32 Scout Tower
03:51 Town Hall
04:06 Arcane Tower
04:07 Arcane Tower
04:12 Arcane Vault
04:16 Farm
04:26 Scout Tower
04:55 Arcane Tower
05:05 Scout Tower
05:09 Scout Tower
05:12 Scout Tower
05:34 Arcane Tower
05:44 Arcane Tower
06:25 Keep
06:25 Keep
07:12 Blacksmith
07:15 Arcane Tower
07:17 Scout Tower
07:20 Scout Tower
07:24 Lumber Mill
07:31 Arcane Vault
08:20 Guard Tower
08:20 Guard Tower
08:46 Castle
08:46 Castle
08:52 Farm
09:01 Scout Tower
09:30 Guard Tower
09:47 Farm
10:42 Workshop
10:44 Workshop
10:46 Workshop
10:53 Workshop
11:01 Workshop
11:15 Farm
11:17 Farm
11:19 Farm
11:42 Guard Tower
11:42 Guard Tower
12:06 Farm
12:59 Guard Tower
13:00 Guard Tower
13:54 Guard Tower
16:03 Farm
» items
| Ivory Tower | 5 | |
| Potion of Healing | 2 | |
| Scroll of Regeneration | 1 | |
8 total

»
cryinglikeababy (
blue | 90 APM | 3955 actions | 44:00)
3 Demon Hunter
2 Mana Burn
1 Evasion
2 Dark Ranger
1 Silence
1 Life Drain
» actions
| Assign group hotkey | 48 | |
| Basic commands | 11 | |
| Build / train | 83 | |
| Enter build submenu | 29 | |
| Enter hero's abilities submenu | 5 | |
| Give item / drop item | 4 | |
| Remove unit from queue | 2 | |
| Right click | 2037 | |
| Select / deselect | 739 | |
| Select group hotkey | 835 | |
| Use ability | 162 | |
3955 total
» units
| Wisp | 40 | |
| Huntress | 4 | |
| Druid of the Claw | 13 | |
| Goblin Shredder | 1 | |
58 total
» upgrades
| Strength of the Wild | 3 | |
| Reinforced Hides | 3 | |
| Druid of the Claw Training | 2 | |
| Mark of the Claw | 1 | |
9 total
» buildings
| Altar of Elders | 1 | |
| Moon Well | 7 | |
| Hunter's Hall | 1 | |
| Ancient of War | 2 | |
| Tree of Life | 1 | |
| Ancient Protector | 10 | |
| Tree of Ages | 1 | |
| Tree of Eternity | 1 | |
| Ancient of Lore | 3 | |
| Ancient of Wonders | 1 | |
28 total
» build order
00:05 Altar of Elders
00:23 Moon Well
01:42 Hunter's Hall
01:49 Ancient of War
02:18 Ancient of War
02:36 Moon Well
03:32 Moon Well
03:56 Moon Well
04:46 Tree of Life
05:59 Ancient Protector
06:22 Ancient Protector
06:23 Ancient Protector
07:08 Tree of Ages
08:50 Moon Well
09:35 Tree of Eternity
09:42 Ancient of Lore
09:43 Ancient of Lore
10:07 Ancient Protector
10:44 Ancient of Wonders
11:09 Ancient of Lore
11:32 Moon Well
11:32 Moon Well
16:25 Ancient Protector
16:26 Ancient Protector
19:11 Ancient Protector
19:12 Ancient Protector
19:32 Ancient Protector
19:41 Ancient Protector
» items
| Potion of Lesser Invulnerability | 1 | |
| Boots of Speed | 1 | |
| Orb of Venom | 1 | |
| Staff of Preservation | 1 | |
| Potion of Healing | 1 | |
5 total
Emo_Style (
yellow | 103 APM | 4955 actions | 48:03)
5 Death Knight
3 Death Coil
2 Unholy Aura
5 Lich
3 Frost Nova
1 Dark Ritual
1 Frost Armor
3 Goblin Tinker
2 Pocket Factory
1 Cluster Rockets
» actions
| Assign group hotkey | 72 | |
| Basic commands | 149 | |
| Build / train | 125 | |
| Enter build submenu | 29 | |
| Enter hero's abilities submenu | 13 | |
| Give item / drop item | 9 | |
| Remove unit from queue | 4 | |
| Right click | 1648 | |
| Select / deselect | 893 | |
| Select group hotkey | 1808 | |
| Use ability | 205 | |
4955 total
» units
| Acolyte | 12 | |
| Ghoul | 10 | |
| Crypt Fiend | 15 | |
| Frost Wyrm | 6 | |
43 total
» upgrades
| Burrow | 1 | |
| Web | 1 | |
| Creature Attack | 3 | |
| Creature Carapace | 4 | |
| Ghoul Frenzy | 1 | |
| Freezing Breath | 1 | |
11 total
» buildings
| Ziggurat | 9 | |
| Crypt | 3 | |
| Altar of Darkness | 1 | |
| Tomb of Relics | 2 | |
| Graveyard | 1 | |
| Halls of the Dead | 3 | |
| Nerubian Tower | 2 | |
| Necropolis | 1 | |
| Spirit Tower | 11 | |
| Black Citadel | 1 | |
| Sacrificial Pit | 1 | |
| Boneyard | 2 | |
37 total
» build order
00:07 Ziggurat
00:09 Crypt
00:14 Crypt
00:27 Altar of Darkness
00:53 Tomb of Relics
01:05 Graveyard
01:57 Ziggurat
03:01 Halls of the Dead
03:01 Halls of the Dead
03:01 Halls of the Dead
04:27 Nerubian Tower
05:16 Ziggurat
06:13 Necropolis
06:41 Spirit Tower
07:14 Black Citadel
07:39 Crypt
07:40 Ziggurat
07:44 Ziggurat
07:44 Ziggurat
09:01 Nerubian Tower
09:02 Spirit Tower
09:04 Ziggurat
09:10 Spirit Tower
09:12 Ziggurat
09:18 Ziggurat
10:43 Spirit Tower
10:44 Spirit Tower
10:44 Spirit Tower
10:44 Spirit Tower
10:54 Spirit Tower
10:56 Spirit Tower
12:29 Sacrificial Pit
13:35 Boneyard
13:38 Boneyard
14:28 Tomb of Relics
19:57 Spirit Tower
» items
| Rod of Necromancy | 3 | |
| Dust of Appearance | 2 | |
| Potion of Healing | 7 | |
| Orb of Corruption | 1 | |
| Potion of Mana | 2 | |
| Scroll of Town Portal | 1 | |
16 total
team 2 (winner)
Birdeneering (
teal | 100 APM | 4815 actions | 48:03)
5 Archmage
3 Blizzard
2 Brilliance Aura
5 Blood Mage
3 Flame Strike
2 Siphon Mana
4 Mountain King
2 Storm Bolt
2 Bash
» actions
| Assign group hotkey | 374 | |
| Basic commands | 39 | |
| Build / train | 136 | |
| Enter build submenu | 125 | |
| Enter hero's abilities submenu | 14 | |
| Give item / drop item | 3 | |
| Right click | 2160 | |
| Select / deselect | 529 | |
| Select group hotkey | 1039 | |
| Use ability | 396 | |
4815 total
» units
» upgrades
| Masonry | 3 | |
| Lumber Harvesting | 2 | |
| Magic Sentry | 1 | |
6 total
» buildings
| Altar of Kings | 1 | |
| Lumber Mill | 1 | |
| Farm | 4 | |
| Scout Tower | 145 | |
| Arcane Tower | 6 | |
| Guard Tower | 59 | |
| Arcane Vault | 5 | |
| Keep | 1 | |
| Town Hall | 1 | |
| Arcane Sanctum | 1 | |
| Castle | 1 | |
225 total
» build order
00:04 Altar of Kings
00:18 Lumber Mill
00:34 Farm
01:03 Farm
01:37 Scout Tower
01:51 Farm
01:56 Scout Tower
02:11 Arcane Tower
02:12 Scout Tower
02:13 Scout Tower
02:22 Arcane Tower
02:25 Scout Tower
02:49 Guard Tower
02:51 Scout Tower
02:53 Guard Tower
02:54 Scout Tower
03:00 Scout Tower
03:37 Guard Tower
03:39 Scout Tower
03:41 Scout Tower
03:41 Scout Tower
03:48 Scout Tower
03:49 Scout Tower
03:50 Scout Tower
03:51 Scout Tower
04:02 Guard Tower
04:05 Guard Tower
04:19 Scout Tower
04:21 Guard Tower
04:30 Arcane Vault
04:44 Guard Tower
04:46 Scout Tower
04:47 Scout Tower
05:13 Keep
05:17 Guard Tower
05:19 Guard Tower
05:21 Scout Tower
05:34 Scout Tower
05:35 Scout Tower
05:36 Guard Tower
05:48 Scout Tower
05:48 Scout Tower
05:50 Guard Tower
05:52 Scout Tower
05:52 Guard Tower
06:12 Farm
06:56 Town Hall
07:00 Guard Tower
07:01 Scout Tower
07:02 Scout Tower
07:04 Guard Tower
07:09 Scout Tower
07:12 Scout Tower
07:37 Guard Tower
08:01 Guard Tower
08:07 Scout Tower
08:08 Scout Tower
08:10 Scout Tower
08:23 Guard Tower
08:25 Scout Tower
08:33 Arcane Sanctum
08:43 Guard Tower
08:44 Scout Tower
08:48 Scout Tower
09:35 Guard Tower
09:47 Scout Tower
09:48 Scout Tower
09:55 Guard Tower
09:57 Scout Tower
09:59 Scout Tower
10:17 Guard Tower
10:37 Castle
10:40 Guard Tower
10:42 Scout Tower
10:43 Scout Tower
10:44 Guard Tower
10:46 Scout Tower
10:49 Scout Tower
10:49 Scout Tower
10:51 Scout Tower
10:52 Scout Tower
10:53 Scout Tower
10:55 Scout Tower
11:12 Guard Tower
11:18 Guard Tower
11:21 Scout Tower
11:21 Scout Tower
11:55 Guard Tower
11:57 Scout Tower
11:58 Scout Tower
12:23 Scout Tower
12:25 Arcane Vault
12:26 Scout Tower
12:27 Scout Tower
12:28 Scout Tower
12:30 Arcane Tower
12:33 Arcane Vault
12:36 Guard Tower
12:41 Scout Tower
12:42 Scout Tower
12:42 Scout Tower
12:43 Scout Tower
12:57 Guard Tower
12:58 Arcane Vault
13:01 Scout Tower
13:07 Arcane Tower
13:11 Scout Tower
13:13 Scout Tower
13:16 Scout Tower
13:16 Scout Tower
13:55 Guard Tower
14:04 Scout Tower
14:06 Scout Tower
14:27 Scout Tower
14:58 Guard Tower
15:04 Scout Tower
15:05 Scout Tower
15:06 Scout Tower
15:07 Scout Tower
15:07 Scout Tower
15:08 Scout Tower
15:17 Guard Tower
15:20 Scout Tower
15:21 Scout Tower
15:26 Guard Tower
15:29 Scout Tower
15:29 Scout Tower
15:31 Scout Tower
15:31 Scout Tower
15:37 Guard Tower
15:41 Scout Tower
15:42 Scout Tower
15:42 Scout Tower
15:46 Scout Tower
16:28 Guard Tower
16:31 Scout Tower
16:32 Scout Tower
16:35 Guard Tower
16:38 Scout Tower
16:45 Scout Tower
16:46 Scout Tower
16:47 Scout Tower
16:57 Scout Tower
16:58 Scout Tower
17:00 Scout Tower
17:04 Scout Tower
17:07 Arcane Tower
17:11 Guard Tower
17:14 Scout Tower
17:14 Arcane Vault
17:21 Guard Tower
17:37 Guard Tower
19:08 Guard Tower
19:22 Scout Tower
19:23 Scout Tower
19:24 Scout Tower
19:24 Scout Tower
19:25 Scout Tower
19:25 Scout Tower
19:29 Guard Tower
19:34 Scout Tower
19:35 Scout Tower
19:36 Scout Tower
19:37 Scout Tower
19:37 Scout Tower
19:38 Scout Tower
20:03 Guard Tower
20:04 Scout Tower
20:06 Scout Tower
20:07 Scout Tower
20:08 Scout Tower
20:10 Scout Tower
20:15 Scout Tower
20:23 Scout Tower
20:24 Guard Tower
20:31 Guard Tower
21:06 Guard Tower
21:24 Scout Tower
21:25 Scout Tower
21:26 Scout Tower
21:26 Scout Tower
21:30 Guard Tower
21:33 Scout Tower
21:34 Scout Tower
21:35 Guard Tower
21:37 Scout Tower
21:38 Scout Tower
21:38 Scout Tower
22:19 Guard Tower
22:40 Guard Tower
23:28 Scout Tower
23:28 Scout Tower
24:11 Guard Tower
24:13 Scout Tower
24:13 Scout Tower
24:53 Guard Tower
25:01 Guard Tower
25:03 Scout Tower
25:04 Scout Tower
25:05 Scout Tower
25:06 Scout Tower
25:28 Guard Tower
25:31 Scout Tower
25:32 Scout Tower
25:34 Guard Tower
25:41 Scout Tower
25:42 Scout Tower
25:44 Scout Tower
25:45 Scout Tower
27:12 Guard Tower
27:14 Scout Tower
27:16 Scout Tower
27:17 Scout Tower
27:20 Scout Tower
27:21 Scout Tower
27:24 Scout Tower
27:27 Scout Tower
27:27 Scout Tower
27:30 Scout Tower
27:48 Arcane Tower
27:56 Guard Tower
28:02 Guard Tower
28:10 Guard Tower
28:22 Guard Tower
28:57 Guard Tower
» items
| Healing Salve | 2 | |
| Orb of Lightning | 3 | |
| Boots of Speed | 3 | |
| Staff of Teleportation | 4 | |
| Potion of Healing | 3 | |
| Scroll of Regeneration | 1 | |
| Scroll of Town Portal | 4 | |
| Staff of Sanctuary | 3 | |
23 total
iim7b5V7i (
green | 77 APM | 3684 actions | 48:05)
8 Blademaster
3 Wind Walk
3 Critical Strike
1 Bladestorm
1 Mirror Image
» actions
| Assign group hotkey | 409 | |
| Basic commands | 26 | |
| Build / train | 82 | |
| ESC pressed | 1 | |
| Enter build submenu | 46 | |
| Enter hero's abilities submenu | 8 | |
| Give item / drop item | 9 | |
| Remove unit from queue | 1 | |
| Right click | 2051 | |
| Select / deselect | 433 | |
| Select group hotkey | 377 | |
| Use ability | 241 | |
3684 total
» units
» upgrades
| Ranged Weapons | 3 | |
| Liquid Fire | 1 | |
| Spiked Barricades | 3 | |
| Reinforced Defenses | 1 | |
| Armor | 3 | |
11 total
» buildings
| Altar of Storms | 1 | |
| Orc Burrow | 4 | |
| War Mill | 1 | |
| Watch Tower | 28 | |
| Voodoo Lounge | 3 | |
| Stronghold | 2 | |
| Fortress | 2 | |
| Beastiary | 2 | |
| Great Hall | 1 | |
44 total
» build order
00:03 Altar of Storms
00:10 Orc Burrow
00:19 War Mill
01:35 Watch Tower
02:13 Watch Tower
02:20 Orc Burrow
02:50 Watch Tower
03:23 Watch Tower
03:47 Watch Tower
03:47 Watch Tower
04:17 Watch Tower
04:25 Voodoo Lounge
04:27 Stronghold
04:27 Stronghold
04:36 Watch Tower
05:23 Watch Tower
05:24 Watch Tower
05:25 Watch Tower
05:44 Voodoo Lounge
05:45 Voodoo Lounge
05:50 Watch Tower
05:56 Watch Tower
06:34 Watch Tower
06:35 Watch Tower
06:36 Watch Tower
07:14 Watch Tower
07:15 Watch Tower
07:33 Fortress
07:33 Fortress
08:17 Watch Tower
08:19 Watch Tower
08:21 Watch Tower
08:26 Watch Tower
08:58 Beastiary
08:59 Beastiary
09:28 Watch Tower
09:29 Watch Tower
09:30 Watch Tower
10:38 Orc Burrow
10:41 Orc Burrow
11:57 Great Hall
12:15 Watch Tower
12:19 Watch Tower
12:22 Watch Tower
» items
| Staff of Teleportation | 1 | |
| Boots of Speed | 1 | |
| Lesser Clarity Potion | 5 | |
| Healing Salve | 4 | |
| Orb of Lightning | 2 | |
13 total
nutsonyochin.de (
purple | 82 APM | 3929 actions | 48:03)
7 Warden
3 Shadow Strike
3 Blink
1 Spirit of Vengeance
» actions
| Assign group hotkey | 17 | |
| Basic commands | 26 | |
| Build / train | 77 | |
| ESC pressed | 3 | |
| Enter build submenu | 43 | |
| Enter hero's abilities submenu | 7 | |
| Give item / drop item | 6 | |
| Right click | 2739 | |
| Select / deselect | 246 | |
| Select group hotkey | 518 | |
| Use ability | 246 | |
3929 total
» units
» upgrades
| Ultravision | 1 | |
| Nature's Blessing | 2 | |
| Well Spring | 1 | |
| Strength of the Wild | 3 | |
| Reinforced Hides | 2 | |
9 total
» buildings
| Altar of Elders | 1 | |
| Moon Well | 46 | |
| Tree of Ages | 4 | |
| Tree of Life | 1 | |
| Tree of Eternity | 1 | |
| Hunter's Hall | 1 | |
| Ancient of Wonders | 1 | |
| Ancient of Wind | 1 | |
56 total
» build order
00:06 Altar of Elders
00:08 Moon Well
01:12 Moon Well
05:26 Tree of Ages
05:27 Tree of Ages
05:27 Tree of Ages
05:58 Moon Well
06:04 Moon Well
07:38 Tree of Life
07:49 Tree of Eternity
07:54 Hunter's Hall
07:56 Ancient of Wonders
09:58 Moon Well
09:58 Moon Well
11:31 Moon Well
11:31 Moon Well
12:47 Ancient of Wind
13:08 Moon Well
13:09 Moon Well
13:10 Moon Well
13:10 Moon Well
13:59 Moon Well
13:59 Moon Well
14:03 Moon Well
14:04 Moon Well
14:04 Moon Well
21:27 Moon Well
21:28 Moon Well
21:29 Moon Well
21:29 Moon Well
26:06 Moon Well
26:07 Moon Well
26:08 Moon Well
26:09 Moon Well
36:26 Moon Well
36:27 Moon Well
36:27 Moon Well
36:28 Moon Well
36:30 Moon Well
36:31 Moon Well
36:31 Moon Well
36:32 Moon Well
41:15 Moon Well
41:15 Moon Well
41:16 Moon Well
41:18 Moon Well
41:19 Moon Well
41:21 Moon Well
41:22 Moon Well
41:22 Moon Well
41:23 Moon Well
41:24 Moon Well
44:32 Moon Well
44:32 Moon Well
44:33 Moon Well
» items
| Healing Salve | 2 | |
| Lesser Clarity Potion | 2 | |
| Potion of Healing | 4 | |
| Orb of Venom | 2 | |
| Staff of Teleportation | 1 | |
| Scroll of Regeneration | 1 | |
12 total
Chat log
(00:11 / All) Birdeneering: welcome to the canyon twinkies
(00:27 / All) nutsonyochin.de: wsup yall
(00:34 / All) Emo_Style: yo
(00:36 / All) Emo_Style: dsssup
(00:36 / All) nutsonyochin.de: mind if we pause? pizzaman been knocking at my door for like 7 minutes lol
(00:39 / All) Ace[NiTe]: sexy??
(00:42 / All) iim7b5V7i: UHM??
(00:42 / All) Emo_Style: tell the poizza,am
(00:43 / All) nutsonyochin.de: hey come on
(00:44 / All) iim7b5V7i: Axcuse me.
(00:45 / All) iim7b5V7i: what is this
(00:52 / All) Birdeneering: we demand a nexplanation
(00:59 / All) nutsonyochin.de: KNOCK knock its the fucking pizzaman
(01:03 / All) nutsonyochin.de: come ON
(01:05 / All) iim7b5V7i: BOOTs. SHOES. REEBOKS
(01:06 / All) Birdeneering: did someone order some bad manners?
(01:12 / All) Birdeneering: no we didn't order bad manners
(01:15 / All) Birdeneering: but I guess that's what we got
(01:27 / All) Birdeneering: bad manner opponents as usual... sigh..
(01:43 / All) Emo_Style: lawl my ally is on lsd and MDMA
(01:45 / All) nutsonyochin.de: whenever u order a pizza...no one has respect for a pizza...its not like how it used 2 be.....
(01:49 / All) Emo_Style: waht can do pizzamanm?
(02:00 / All) nutsonyochin.de: LAWL
(02:03 / All) nutsonyochin.de: LAWL
(02:10 / All) Emo_Style: tell him order some extra extacy
(02:11 / All) iim7b5V7i: hey what's up cousin. it's me Nikoro Bellic
(02:12 / All) nutsonyochin.de: i type lawl because its shorter than lol
(02:36 / All) nutsonyochin.de: hey baby
(02:37 / All) iim7b5V7i: we gonna win btw
(02:39 / All) nutsonyochin.de: u alright?
(02:39 / All) iim7b5V7i: win this fight that is
(02:51 / All) nutsonyochin.de: come back.
(17:41 / All) Birdeneering: u noobs?
(18:25 / All) Birdeneering: Bad attack noobs
(21:41 / All) Birdeneering: hey wait
(21:45 / All) Birdeneering: we need to talk about this
(21:46 / All) nutsonyochin.de: 1 sec pelqase
(21:47 / All) Birdeneering: guys this isn't working
(21:48 / All) nutsonyochin.de: plaes
(22:11 / All) Birdeneering: stop it
(22:13 / All) Birdeneering: you're dying
(22:25 / All) Birdeneering: yiu're losing everyhtin
(23:20 / All) Birdeneering: stupid attack
(23:21 / All) Birdeneering: guys
(23:26 / All) iim7b5V7i: stupid guys. xd
(23:43 / All) iim7b5V7i: bad play all round by team Noob
(24:07 / All) Birdeneering: this is why we have to talk
(24:29 / All) Birdeneering: STOP!!!
(24:35 / All) Birdeneering: you're losing all units
(24:38 / All) Birdeneering: Killing nothing
(24:52 / All) iim7b5V7i: this is not how war3 should be played!!
(28:15 / All) iim7b5V7i: it must suck. to suck so much
(28:24 / All) nutsonyochin.de: dat sucks :D
(28:33 / All) Birdeneering: w8
(28:34 / All) Birdeneering: pizza's here
(28:35 / All) Emo_Style: oh i think i go afk now, pizzaman is here and movie is ready
(28:42 / All) Birdeneering: yo
(28:43 / All) Birdeneering: Let's talk
(28:44 / All) nutsonyochin.de: hold on
(28:46 / All) iim7b5V7i: Stop The Game
(28:46 / All) nutsonyochin.de: pls
(28:46 / All) Emo_Style: i prefer eating
(28:47 / All) Birdeneering: Why didn't you win this game?
(28:49 / All) Emo_Style: not talking
(28:49 / All) iim7b5V7i: -uberabaa_mg
(28:51 / All) nutsonyochin.de: my picca is here
(28:53 / All) Birdeneering: why didn't you win????
(29:00 / All) iim7b5V7i: my pixxa is here
(29:00 / All) Emo_Style: why waste energy with talking while u can get energy while eating pizza?
(29:01 / All) Ace[NiTe]: sure
(29:11 / All) Birdeneering: I don't need energy
(29:13 / All) Birdeneering: already won the game
(29:13 / All) Birdeneering: thanks
(29:14 / All) iim7b5V7i: EnErGy.EmO_StyLe
(29:16 / All) Birdeneering: it was very easy :)
(29:24 / All) Emo_Style: yea i have to agree
(29:27 / All) Emo_Style: with u
(29:30 / All) Emo_Style: won very easy
(29:30 / All) Birdeneering: I only made towers
(29:32 / All) Birdeneering: and still won
(29:32 / All) nutsonyochin.de: remember when i picked undead
(29:36 / All) nutsonyochin.de: and made death knight
(29:40 / All) nutsonyochin.de: the n some fiends and wyrms and lich
(29:41 / All) iim7b5V7i: when you play against a NOOB undead such as U.. :) all is easy
(29:44 / All) nutsonyochin.de: and won every game i ever played
(29:49 / All) Emo_Style: ok we talk later c ya'
(29:50 / All) Ace[NiTe]: ~~
(29:58 / All) iim7b5V7i: y'all can leave now scrublords
(30:04 / All) Birdeneering: too stupid
(30:28 / All) nutsonyochin.de: huh thought you was afk
(30:35 / All) Birdeneering: ^they're bad manner
(30:39 / All) nutsonyochin.de: ^
(30:40 / All) nutsonyochin.de: 6
(30:40 / All) nutsonyochin.de: 6
(30:41 / All) nutsonyochin.de: 6
(30:41 / All) nutsonyochin.de: 6
(30:42 / All) nutsonyochin.de: 6
(30:42 / Allies) nutsonyochin.de: ^
(30:43 / Allies) nutsonyochin.de: ^
(30:43 / Allies) nutsonyochin.de: ^
(30:43 / Allies) nutsonyochin.de: 6
(31:41 / All) Ace[NiTe]: kkkk
(31:45 / All) nutsonyochin.de: cya
(31:47 / All) nutsonyochin.de: cya afk boys
(31:49 / All) iim7b5V7i: you guys are not afk
(31:50 / All) iim7b5V7i: dont lie again
(31:52 / All) iim7b5V7i: BAD MANNER LIARS
(31:58 / All) Birdeneering: You see
(32:00 / All) iim7b5V7i: i'm putting that down in your ___notes____ section
(32:01 / All) nutsonyochin.de: the next lie...will be ure last.e..
(32:04 / All) Ace[NiTe]: bad maner???
(32:06 / All) Birdeneering: but actually
(32:06 / All) Ace[NiTe]: kkk
(32:07 / All) iim7b5V7i: Good lie. You're Last Lie
(32:10 / All) Birdeneering: you're going to keep playing
(32:12 / All) Birdeneering: for 60 minutes
(32:16 / All) Birdeneering: angry that you lost to towers
(32:22 / All) Birdeneering: lose a 60 minute game.. what's that like???
(32:25 / All) iim7b5V7i: you know we have been laughing at you the whole game
(32:26 / All) iim7b5V7i: how sad XD
(32:35 / All) nutsonyochin.de: XD jajaj
(32:50 / All) iim7b5V7i: nyuck nyuck or myuck myuck whichever it is u got 0wned.
(33:08 / All) nutsonyochin.de: think about maybe..................................a football team
(33:19 / All) iim7b5V7i: think about a football team whilst u masturbate
(33:22 / All) iim7b5V7i: mmmmhh big peccsss
(33:53 / All) Birdeneering: lol 4 workshops
(33:55 / All) Birdeneering: what an idiot
(33:56 / All) Birdeneering: so stupid
(34:22 / All) iim7b5V7i: nice afk scrubadub
(36:40 / All) iim7b5V7i: nice job coiling your ghoul
(38:00 / All) Birdeneering: bye idiot HAH
(38:10 / All) Birdeneering: we're too smart for u lol
(38:11 / All) iim7b5V7i: out-micro'd, out-play'd, out-thought'd, out-bred, out-fed.
(38:13 / All) Birdeneering: Best wc3 clan
(38:22 / All) nutsonyochin.de: thank's
(38:26 / All) Birdeneering: www.highper.ch
(38:37 / All) iim7b5V7i: Check That Website For Replays Of You BEING OWNED XD HAHAHAJAJa
(39:15 / All) Birdeneering: POWWW
(39:19 / All) iim7b5V7i: MAD POPPED
(39:27 / All) Birdeneering: POPPETYBOBP
(39:35 / All) Birdeneering: L2p noob lol
(39:55 / All) iim7b5V7i: hahaha this is so embarrassing for you
(40:22 / All) iim7b5V7i: Y'all gonna fulfill the American Dream and get Nikoro Bellic to level 10?
(43:54 / All) cryinglikeababy: kk
(44:02 / All) Birdeneering: how ya'll noobs doing
(44:07 / All) Birdeneering: bad at warcraft 3
(44:10 / All) Birdeneering: bad at hiding trees
(44:10 / All) Birdeneering: sad...
(45:09 / All) iim7b5V7i: go play a different game
(45:10 / All) Birdeneering: yum yum stay til the end
(45:13 / All) iim7b5V7i: even this easy one is too hard for U
(45:15 / All) Birdeneering: enjoy this loss :)
(45:19 / All) iim7b5V7i: HOLD this loss in your CHEST
(45:21 / All) Birdeneering: when you don't let us pause this happens
(45:30 / All) iim7b5V7i: should have let us pause man... u shoulda let us pause...
(45:38 / All) iim7b5V7i: Rude Players always get their Just Desserts
(45:57 / All) Birdeneering: big ol dick sorbet
(47:45 / All) iim7b5V7i: ur butt is big and you're head is small. clan towa owns u, now u fall
(48:01 / All) iim7b5V7i: peac gaylords